Map: Triton LE

Players

ViBE - Winner!

  • Race: Terran Terran
  • League: Diamond
  • Spawn Location: 11:00

updowncharm

  • Race: Protoss Protoss
  • League: Diamond
  • Spawn Location: 5:00

VOD

Have the link to the VOD?

Description

Time

  • Played on: Dec. 17, 2019, 8:53 p.m.
  • Length: 5:14
Show
View Real Time Build Order
Export as new Build Order

ViBE Terran - Winner!

Build Orders:  

Get SALT Encoding   

  12  0:00  SCV  
  13  0:13  SCV  
  14  0:18  Supply Depot  
  14  0:26  SCV  
  15  0:39  SCV  
  15  0:41  Barracks  
  16  0:45  Refinery  
  16  0:51  SCV  
  17  1:04  SCV  
  18  1:16  SCV  
  19  1:28  SCV  
  19  1:32  Reaper  
  21  1:35  Command Center  
  21  1:46  Orbital Command  
  21  2:05  Barracks  
  21  2:11  SCV, Barracks Reactor  
  21  2:13  Supply Depot  
  22  2:23  SCV  
  23  2:32  Factory  
  23  2:35  Refinery  
  23  2:36  SCV  
  24  2:48  SCV  
  24  2:50  Bunker  
  24  2:51  Orbital Command  
  25  2:59  Marine x2  
  25  3:01  Barracks Tech Lab  
  25  3:03  SCV  
  28  3:15  SCV  
  28  3:17  SCV  
  30  3:21  Marine, Starport  
  30  3:23  Marine  
  30  3:26  Marine  
  33  3:27  SCV  
  33  3:29  Factory Reactor  
  33  3:30  SCV  
  35  3:39  SCV  
  35  3:40  Supply Depot  
  36  3:42  Marine  
  36  3:43  Marine  
  36  3:44  Marine  
  39  3:54  SCV x2  
  41  4:06  SCV x2  
  43  4:12  Supply Depot  
  43  4:13  Marine x2, Supply Depot  
  43  4:14  Marine  
  43  4:17  Medivac x2  
  48  4:18  SCV x2  
  51  4:33  Marine x3  
  54  4:41  SCV x2  
  40  4:53  SCV x2  
Show
View Real Time Build Order
Export as new Build Order

updowncharm Protoss 

Build Orders:  

Get SALT Encoding   

  12  0:00  Probe  
  13  0:13  Probe  
  14  0:20  Pylon  
  14  0:25  Probe  
  15  0:38  Probe (Chrono Boost), Gateway  
  16  0:50  Assimilator  
  16  0:52  Probe (Chrono Boost)  
  17  1:02  Probe  
  17  1:03  Assimilator  
  18  1:14  Probe  
  19  1:26  Probe (Chrono Boost), Gateway  
  19  1:28  Cybernetics Core  
  20  1:38  Probe (Chrono Boost)  
  21  1:45  Probe (Chrono Boost)  
  21  1:46  Pylon  
  22  1:52  Probe  
  23  2:04  Probe  
  24  2:10  Warp Gate (Chrono Boost)  
  24  2:12  Stalker  
  24  2:13  Stalker  
  28  2:22  Robotics Facility  
  28  2:27  Pylon  
  28  2:42  Stalker  
  30  2:45  Stalker  
  32  2:55  Gateway  
  32  3:05  Pylon  
  32  3:09  Warp Prism (Chrono Boost)  
  36  3:44  Observer  
  35  3:53  Stalker  
  35  3:54  Stalker  
  39  4:15  Stalker  
  39  4:37  Stalker  
  41  4:38  Stalker x2  
  29  5:00  Stalker x2  
Tags
 
Add a new tag
Caveats
  • Supply blocks, unpowered buildings, or Contaminate may cause inaccurate times.
  • Supply counts are checked every 10 seconds.